Map: Ley Lines

Players

LiquidClem (Clem) - Winner!

  • Race: Protoss Protoss
  • League: Master
  • Spawn Location: 7:00

Percival

  • Race: Terran Terran
  • Spawn Location: 1:00

VOD

Have the link to the VOD?

Description

Time

  • Played on: May 27, 2025, 8:23 p.m.
  • Length: 8:55
Show
View Real Time Build Order
Export as new Build Order

LiquidClem Protoss - Winner!

Build Orders: 1 Gate Expand, Blink Stalkers 

Get SALT Encoding   

  12  0:00  Probe  
  13  0:12  Probe  
  14  0:16  Pylon  
  14  0:23  Probe  
  15  0:31  Probe  
  16  0:36  Gateway  
  16  0:39  Probe  
  16  0:45  Assimilator  
  17  0:51  Probe  
  18  1:03  Probe  
  19  1:15  Probe  
  20  1:23  Cybernetics Core  
  20  1:31  Nexus  
  20  1:33  Probe  
  21  1:40  Pylon  
  21  1:45  Probe  
  22  1:48  Assimilator  
  22  1:49  Adept  
  22  1:57  Probe  
  22  2:00  Warp Gate  
  25  2:07  Stalker  
  25  2:09  Probe  
  26  2:21  Probe  
  29  2:31  Twilight Council  
  29  2:34  Probe  
  30  2:37  Stalker  
  30  2:44  Probe  
  33  2:46  Probe  
  33  2:49  Blink  
  34  2:56  Probe  
  34  2:58  Stalker, Probe  
  36  3:03  Gateway  
  36  3:08  Probe  
  36  3:10  Probe  
  38  3:20  Probe  
  38  3:22  Probe  
  38  3:25  Pylon  
  40  3:32  Probe  
  41  3:34  Probe  
  41  3:35  Robotics Facility  
  42  3:43  Gateway  
  42  3:44  Probe  
  42  3:46  Probe  
  44  3:50  Stalker  
  46  3:57  Probe  
  46  3:58  Stalker  
  46  4:01  Probe  
  46  4:02  Pylon  
  50  4:06  Assimilator  
  50  4:11  Probe  
  50  4:13  Stalker  
  50  4:14  Probe  
  52  4:23  Observer  
  51  4:25  Probe  
  51  4:28  Stalker  
  54  4:35  Nexus, Shield Battery  
  54  4:37  Charge  
  54  4:40  Observer  
  55  4:47  Pylon  
  55  4:49  Gateway  
  55  4:52  Probe x2  
  57  4:57  Stalker, Pylon  
  59  5:03  Stalker  
  59  5:04  Probe  
  59  5:05  Probe  
  63  5:11  Stalker  
  65  5:15  Forge  
  65  5:17  Probe  
  65  5:19  Probe  
  67  5:23  Stalker  
  69  5:30  Pylon  
  69  5:32  Pylon  
  69  5:34  Gateway  
  69  5:44  Pylon  
  69  5:48  Stalker x4  
  77  5:54  Shield Battery  
  77  5:56  Shield Battery  
  76  5:58  Probe  
  76  5:59  Probe x2  
  75  6:12  Zealot x3  
  78  6:19  Zealot  
  78  6:21  Probe x3  
  77  6:29  Probe  
  73  6:34  Probe, Zealot x3  
  73  6:35  Probe, Zealot  
  73  6:37  Probe  
  84  6:45  Probe, Sentry  
  84  6:46  Probe  
  84  6:47  Probe  
  88  6:52  Forge  
  88  6:56  Probe, Zealot x2  
  88  6:57  Sentry  
  88  6:58  Probe  
  88  6:59  Probe  
  96  7:05  Probe  
  96  7:08  Probe  
  96  7:11  Probe  
  88  7:17  Probe  
  88  7:20  Probe  
  84  7:26  Zealot x5  
  93  7:30  Robotics Bay  
  93  7:32  Assimilator  
  93  7:33  Warp Prism  
  93  7:35  Gateway  
  86  7:38  Gateway  
  82  7:49  Gateway  
  82  7:50  Zealot x3, Sentry  
  90  7:52  Zealot  
  90  7:56  Pylon  
  92  8:05  Nexus  
  92  8:14  Pylon  
  92  8:16  Sentry  
  92  8:17  Zealot x4  
  108  8:29  Pylon  
  108  8:32  Zealot  
  102  8:45  Zealot x7  
Show
View Real Time Build Order
Export as new Build Order

Percival Terran 

Build Orders: Cyclone Opening 

Get SALT Encoding   

  12  0:00  SCV  
  13  0:12  SCV  
  14  0:17  Supply Depot  
  14  0:24  SCV  
  15  0:39  SCV  
  15  0:40  Barracks  
  15  0:42  Refinery  
  16  0:51  SCV  
  16  0:52  Refinery  
  17  1:03  SCV  
  18  1:15  SCV  
  19  1:27  Orbital Command, Reaper  
  19  1:28  Supply Depot  
  20  1:40  Factory  
  20  1:54  SCV  
  20  2:00  Barracks Tech Lab  
  21  2:06  SCV  
  22  2:16  Command Center  
  22  2:18  SCV  
  23  2:32  Cyclone, SCV  
  27  2:39  Starport  
  27  2:44  Supply Depot  
  27  2:49  SCV  
  28  2:53  Barracks Reactor  
  28  3:01  SCV  
  28  3:14  Factory Tech Lab, SCV  
  29  3:24  Banshee  
  29  3:26  SCV  
  33  3:32  Cloaking Field  
  33  3:33  Marine x2  
  34  3:38  SCV  
  35  3:47  Orbital Command, Barracks  
  35  3:50  SCV  
  35  3:52  Siege Tank  
  39  3:56  Marine x2  
  41  4:07  SCV  
  42  4:13  SCV  
  42  4:14  Banshee  
  46  4:17  Marine  
  46  4:19  SCV  
  49  4:25  SCV  
  50  4:32  SCV  
  50  4:35  Supply Depot  
  50  4:36  Barracks  
  50  4:37  SCV  
  51  4:40  Siege Tank  
  51  4:45  Supply Depot  
  54  4:56  Marine x3  
  54  4:57  SCV x2  
  54  4:59  Banshee  
  62  5:04  Supply Depot  
  62  5:08  Refinery  
  62  5:09  SCV x2  
  64  5:14  Marine x3  
  64  5:21  SCV x2  
  66  5:24  Siege Tank  
  66  5:25  Marine  
  66  5:32  Marine x2  
  66  5:33  Engineering Bay, Refinery, SCV  
  66  5:35  SCV  
  71  5:49  SCV x2  
  72  5:50  Marine x2, Supply Depot  
  72  5:51  Starport Reactor, Supply Depot  
  72  5:54  Stimpack  
  72  5:55  Marauder  
  76  6:07  Factory Reactor  
  76  6:08  Marine x2  
  78  6:12  Marauder, SCV  
  81  6:19  Marauder  
  81  6:20  Combat Shield  
  73  6:28  Marine x2  
  67  6:33  Marauder  
  67  6:36  Medivac  
  67  6:37  Medivac  
  70  6:40  Command Center  
  70  6:41  SCV x2  
  70  6:42  Marine  
  70  6:49  Marine x2  
  70  6:50  Widow Mine x2  
  70  6:52  Terran Infantry Weapons Level 1  
  70  6:56  Marauder  
  70  6:57  SCV x2  
  70  7:01  Marauder  
  76  7:06  Marine  
  76  7:07  Marine  
  72  7:09  SCV  
  72  7:15  Widow Mine x2  
  66  7:16  SCV  
  66  7:21  SCV  
  60  7:27  Marine x2  
  60  7:28  Marauder, SCV  
  60  7:34  Medivac x2  
  60  7:36  Widow Mine x2, SCV  
  67  7:42  SCV  
  64  7:46  Marine  
  64  7:47  Marine, Marauder  
  64  7:48  SCV  
  64  7:49  Marauder  
  64  7:50  Concussive Shells  
  71  8:01  SCV  
  71  8:02  Barracks  
  71  8:03  Barracks, SCV  
  73  8:08  Marine x2, Medivac  
  78  8:15  Orbital Command  
  78  8:16  SCV  
  78  8:17  SCV  
  79  8:22  Medivac  
  79  8:24  Marine  
  79  8:25  Marine  
  79  8:26  Marine x2  
  85  8:29  SCV  
  85  8:33  Widow Mine x2  
  90  8:35  SCV  
Tags
 
Add a new tag
Caveats
  • Supply blocks, unpowered buildings, or Contaminate may cause inaccurate times.
  • Supply counts are checked every 10 seconds.